TOP OF THE 1ST |
Pocatello Boccabellas batting - Pitching for Vista Panthers : RHP Paco Canpos
|
Pitching: RHP Paco Canpos
|
|
Batting: RHB Tomás Carranza
|
0-0: Foul Ball, location: 2F 0-1: Foul Ball, location: 2F 0-2: Ground out 6-3 (Groundball, 6)
|
Batting: LHB Jim Jensen
|
0-0: Foul Ball, location: 2F 0-1: Ball 1-1: Swinging Strike 1-2: Ground out U3 (Groundball, 3L)
|
Batting: RHB Ernesto Acosta
|
0-0: Ball 1-0: Called Strike 1-1: Foul Ball, location: 2F 1-2: Strikes out swinging
|
Top of the 1st over - 0 run(s), 0 hit(s), 0 error(s), 0 left on base; Pocatello 0 - Vista 0 |
BOTTOM OF THE 1ST |
Vista Panthers batting - Pitching for Pocatello Boccabellas : RHP Kevin Bush
|
Pitching: RHP Kevin Bush
|
|
Batting: LHB Francisco Marino
|
0-0: Ball 1-0: Foul Ball, location: 2F 1-1: Ball 2-1: Foul Ball, location: 2F 2-2: Foul Ball, location: 2F 2-2: Fly out, F4 (Popup, 4S)
|
Batting: LHB Bob Cunningham
|
0-0: Foul Ball, location: 2F 0-1: Swinging Strike 0-2: Ball 1-2: Ball 2-2: Ball 3-2: Base on Balls
|
Batting: LHB Donovan Bird
|
0-0: Ball 1-0: Ball 2-0: Ball 3-0: Base on Balls Bob Cunningham to second
|
Batting: SHB Mark Wells
|
0-0: Called Strike 0-1: Ball 1-1: Ball 2-1: Swinging Strike 2-2: SINGLE (Line Drive, 56D) Bob Cunningham to third Donovan Bird to second Runner from 3rd tries for Home, throw and OUT! Donovan Bird to third Mark Wells to second
|
Batting: RHB John Mendelson
|
0-0: Ball 1-0: Ball 2-0: Called Strike 2-1: Ground out 5-3 (Groundball, 5S)
|
Bottom of the 1st over - 0 run(s), 1 hit(s), 0 error(s), 2 left on base; Pocatello 0 - Vista 0 |
TOP OF THE 2ND |
Pocatello Boccabellas batting - Pitching for Vista Panthers : RHP Paco Canpos
|
Batting: LHB Juan Cortés
|
0-0: Called Strike 0-1: Ground out 1-3 (Groundball, P)
|
Batting: RHB Manny Copriviza
|
0-0: Called Strike 0-1: Ball 1-1: Ball 2-1: Ground out 6-3 (Groundball, 6S)
|
Batting: SHB Nick Cox
|
0-0: Ball 1-0: Fly out, F8 (Flyball, 8LD)
|
Top of the 2nd over - 0 run(s), 0 hit(s), 0 error(s), 0 left on base; Pocatello 0 - Vista 0 |
BOTTOM OF THE 2ND |
Vista Panthers batting - Pitching for Pocatello Boccabellas : RHP Kevin Bush
|
Batting: RHB Cisco Gatán
|
0-0: Ground out 1-3 (Groundball, 15S)
|
Batting: LHB Brent Alonzo
|
0-0: Ball 1-0: Foul Ball, location: 2F 1-1: Fly out, F8 (Flyball, 8RM)
|
Batting: RHB Roberto Cruz
|
0-0: DOUBLE (Groundball, 5L)
|
Batting: RHB Justin Burgess
|
0-0: Swinging Strike 0-1: Foul Ball, location: 2F 0-2: SINGLE (Groundball, 56D) Roberto Cruz to third Runner from 3rd tries for Home, SAFE, no throw
|
Batting: LHB Francisco Marino
|
0-0: Called Strike 0-1: Ball 1-1: DOUBLE (Line Drive, 78M) Justin Burgess to third Runner from 3rd tries for Home, SAFE, no throw
|
Batting: LHB Bob Cunningham
|
0-0: Ball 1-0: Foul Ball, location: 2F 1-1: Ground out 5-3 (Groundball, 5S)
|
Bottom of the 2nd over - 2 run(s), 3 hit(s), 0 error(s), 1 left on base; Pocatello 0 - Vista 2 |
TOP OF THE 3RD |
Pocatello Boccabellas batting - Pitching for Vista Panthers : RHP Paco Canpos
|
Batting: RHB Francisco Sandoval
|
0-0: Ball 1-0: Called Strike 1-1: Ball 2-1: Foul Ball, location: 2F 2-2: Ball 3-2: Base on Balls
|
Batting: RHB José Delgado
|
0-0: Ball 1-0: Ground out 5-3 (Groundball, 56) Francisco Sandoval to second
|
Batting: LHB Vicente Bueno
|
0-0: Ball 1-0: Fly out, F9 (Flyball, 9S)
|
Batting: RHB Tomás Carranza
|
0-0: Ball 1-0: Ball 2-0: Swinging Strike 2-1: Ball 3-1: DOUBLE (Flyball, 89D) Francisco Sandoval scores
|
Batting: LHB Jim Jensen
|
0-0: Fly out, F7 (Flyball, 78D)
|
Top of the 3rd over - 1 run(s), 1 hit(s), 0 error(s), 1 left on base; Pocatello 1 - Vista 2 |
BOTTOM OF THE 3RD |
Vista Panthers batting - Pitching for Pocatello Boccabellas : RHP Kevin Bush
|
Batting: LHB Donovan Bird
|
0-0: Ball 1-0: Foul Ball, location: 2F 1-1: Foul Ball, location: 2F 1-2: Ball 2-2: Foul Ball, location: 2F 2-2: Ball 3-2: Fly out, F2 (Popup, 23)
|
Batting: SHB Mark Wells
|
0-0: Called Strike 0-1: Called Strike 0-2: Ball 1-2: Foul Ball, location: 2F 1-2: Ball 2-2: Strikes out swinging
|
Batting: RHB John Mendelson
|
0-0: Called Strike 0-1: Ball 1-1: Fly out, F9 (Flyball, 89D)
|
Bottom of the 3rd over - 0 run(s), 0 hit(s), 0 error(s), 0 left on base; Pocatello 1 - Vista 2 |
TOP OF THE 4TH |
Pocatello Boccabellas batting - Pitching for Vista Panthers : RHP Paco Canpos
|
Batting: RHB Ernesto Acosta
|
0-0: Ball 1-0: Ball 2-0: Ball 3-0: Called Strike 3-1: Base on Balls
|
Batting: LHB Juan Cortés
|
0-0: Ball 1-0: Ball 2-0: Fly out, F8 (Flyball, 8LM)
|
Batting: RHB Manny Copriviza
|
0-0: Swinging Strike 0-1: Grounds into double play, 6-4-3 (Groundball, 6M)
|
Top of the 4th over - 0 run(s), 0 hit(s), 0 error(s), 0 left on base; Pocatello 1 - Vista 2 |
BOTTOM OF THE 4TH |
Vista Panthers batting - Pitching for Pocatello Boccabellas : RHP Kevin Bush
|
Batting: RHB Cisco Gatán
|
0-0: Foul Ball, location: 2F 0-1: Foul Ball, location: 2F 0-2: Strikes out looking
|
Batting: LHB Brent Alonzo
|
0-0: Called Strike 0-1: Ball 1-1: Swinging Strike 1-2: Foul Ball, location: 2F 1-2: Strikes out swinging
|
Batting: RHB Roberto Cruz
|
0-0: Ball 1-0: Ball 2-0: Fly out, F6 (Line Drive, 6S)
|
Bottom of the 4th over - 0 run(s), 0 hit(s), 0 error(s), 0 left on base; Pocatello 1 - Vista 2 |
TOP OF THE 5TH |
Pocatello Boccabellas batting - Pitching for Vista Panthers : RHP Paco Canpos
|
Batting: SHB Nick Cox
|
0-0: Foul Ball, location: 2F 0-1: Swinging Strike 0-2: Strikes out swinging
|
Batting: RHB Francisco Sandoval
|
0-0: Ball 1-0: Ground out 6-3 (Groundball, 6)
|
Batting: RHB José Delgado
|
0-0: Ball 1-0: Called Strike 1-1: Ground out 5-3 (Groundball, 56S)
|
Top of the 5th over - 0 run(s), 0 hit(s), 0 error(s), 0 left on base; Pocatello 1 - Vista 2 |
BOTTOM OF THE 5TH |
Vista Panthers batting - Pitching for Pocatello Boccabellas : RHP Kevin Bush
|
Batting: RHB Justin Burgess
|
0-0: Foul Ball, location: 2F 0-1: Foul Ball, location: 2F 0-2: Ball 1-2: Foul Ball, location: 2F 1-2: Ball 2-2: Fly out, F8 (Flyball, 8RD)
|
Batting: LHB Francisco Marino
|
0-0: Called Strike 0-1: Ground out 4-3 (Groundball, 34)
|
Batting: LHB Bob Cunningham
|
0-0: Ball 1-0: Ball 2-0: Ground out U3 (Groundball, 34)
|
Bottom of the 5th over - 0 run(s), 0 hit(s), 0 error(s), 0 left on base; Pocatello 1 - Vista 2 |
TOP OF THE 6TH |
Pocatello Boccabellas batting - Pitching for Vista Panthers : RHP Paco Canpos
|
Batting: LHB Vicente Bueno
|
0-0: Ball 1-0: Called Strike 1-1: Ball 2-1: Swinging Strike 2-2: Ball 3-2: Foul Ball, location: 2F 3-2: Base on Balls
|
Batting: RHB Tomás Carranza
|
0-0: Swinging Strike 0-1: Called Strike 0-2: Fielders Choice at 2nd, 6-4 (Groundball, 6)
|
Batting: LHB Jim Jensen
|
0-0: Called Strike 0-1: DOUBLE (Line Drive, 7LS) Tomás Carranza to third
|
Batting: RHB Ernesto Acosta
|
0-0: Fly out, F8 (Flyball, 8RXD) Runner from 3rd tags up, SCORES, no throw
|
Batting: LHB Juan Cortés
|
0-0: Ball 1-0: Called Strike 1-1: Foul Ball, location: 2F 1-2: Ball 2-2: Ball 3-2: Foul Ball, location: 2F 3-2: Fly out, F8 (Flyball, 8LXD)
|
Top of the 6th over - 1 run(s), 1 hit(s), 0 error(s), 1 left on base; Pocatello 2 - Vista 2 |
BOTTOM OF THE 6TH |
Vista Panthers batting - Pitching for Pocatello Boccabellas : RHP Kevin Bush
|
Batting: LHB Donovan Bird
|
0-0: Ball 1-0: Ball 2-0: Swinging Strike 2-1: Foul Ball, location: 2F 2-2: Ground out U3 (Groundball, 3)
|
Batting: SHB Mark Wells
|
0-0: Ball 1-0: Fly out, F7 (Flyball, 7)
|
Batting: RHB John Mendelson
|
0-0: Ball 1-0: Swinging Strike 1-1: Foul Ball, location: 2F 1-2: Foul Ball, location: 2F 1-2: Ball 2-2: Strikes out looking
|
Bottom of the 6th over - 0 run(s), 0 hit(s), 0 error(s), 0 left on base; Pocatello 2 - Vista 2 |
TOP OF THE 7TH |
Pocatello Boccabellas batting - Pitching for Vista Panthers : RHP Paco Canpos
|
Batting: RHB Manny Copriviza
|
0-0: Called Strike 0-1: Ball 1-1: Ball 2-1: Swinging Strike 2-2: Ball 3-2: Strikes out swinging
|
Batting: SHB Nick Cox
|
0-0: Swinging Strike 0-1: Ball 1-1: Fly out, F8 (Flyball, 78D)
|
Batting: RHB Francisco Sandoval
|
0-0: Ball 1-0: Ball 2-0: Ball 3-0: Base on Balls
|
Pinch Hitting: LHB José Berroa
|
0-0: Ball 1-0: Ball 2-0: Ball 3-0: Called Strike 3-1: Foul Ball, location: 2F 3-2: Ground out 6-3 (Groundball, 6)
|
Top of the 7th over - 0 run(s), 0 hit(s), 0 error(s), 1 left on base; Pocatello 2 - Vista 2 |
BOTTOM OF THE 7TH |
Vista Panthers batting - Pitching for Pocatello Boccabellas : RHP Kevin Bush
|
Now at 2B: John Craig
|
|
Batting: RHB Cisco Gatán
|
0-0: Foul Ball, location: 2F 0-1: Foul Ball, location: 2F 0-2: Ground out 6-3 (Groundball, 6)
|
Batting: LHB Brent Alonzo
|
0-0: Ball 1-0: DOUBLE (Groundball, 3L)
|
Pinch Hitting: LHB Patrick Osborne
|
0-0: Intentional Walk
|
Batting: RHB Justin Burgess
|
0-0: Ball Wild Pitch! Brent Alonzo to third Patrick Osborne to second 1-0: Called Strike 1-1: Foul Ball, location: 2F 1-2: Foul Ball, location: 2F 1-2: Ball 2-2: Ball 3-2: Strikes out swinging
|
Batting: LHB Francisco Marino
|
0-0: Ball Wild Pitch! Brent Alonzo scores Patrick Osborne to third 1-0: Called Strike 1-1: Ball 2-1: SINGLE (Line Drive, 8LS) Patrick Osborne scores
|
Batting: LHB Bob Cunningham
|
0-0: Called Strike 0-1: SINGLE (Line Drive, 8LS) Francisco Marino to second
|
Batting: LHB Donovan Bird
|
0-0: Called Strike 0-1: SINGLE (Flyball, 4MD) Francisco Marino to third Bob Cunningham to second Runner from 3rd tries for Home, SAFE, no throw
|
Pitching: RHP Mike Pierce
|
|
Batting: SHB Mark Wells
|
0-0: Called Strike 0-1: Ball 1-1: Ball 2-1: Fielders Choice at 2nd, 6-4 (Groundball, 6)
|
Bottom of the 7th over - 3 run(s), 4 hit(s), 0 error(s), 1 left on base; Pocatello 2 - Vista 5 |
TOP OF THE 8TH |
Pocatello Boccabellas batting - Pitching for Vista Panthers : RHP Paco Canpos
|
Pitching: LHP Thomas Heath
|
|
Now in RF: Patrick Osborne
|
|
Batting: LHB Vicente Bueno
|
0-0: Ball 1-0: Ball 2-0: Called Strike 2-1: Fly out, F9 (Line Drive, 9S)
|
Batting: RHB Tomás Carranza
|
0-0: Ball 1-0: Called Strike 1-1: Ground out 4-3 (Groundball, 4S)
|
Pitching: LHP Andrew Caine
|
|
Batting: LHB Jim Jensen
|
0-0: Ground out 3-1 (Groundball, 34)
|
Top of the 8th over - 0 run(s), 0 hit(s), 0 error(s), 0 left on base; Pocatello 2 - Vista 5 |
BOTTOM OF THE 8TH |
Vista Panthers batting - Pitching for Pocatello Boccabellas : RHP Mike Pierce
|
Batting: RHB John Mendelson
|
0-0: Ball 1-0: Foul Ball, location: 2F 1-1: Ball 2-1: Foul Ball, location: 2F 2-2: Ball 3-2: Strikes out looking
|
Batting: RHB Cisco Gatán
|
0-0: Ball 1-0: Ball 2-0: Ball 3-0: Base on Balls
|
Batting: LHB Brent Alonzo
|
0-0: Ball 1-0: Foul Ball, location: 2F 1-1: Fielders Choice at 2nd, 4-6 (Groundball, 4)
|
Batting: LHB Patrick Osborne
|
0-0: Foul Ball, location: 2F 0-1: Swinging Strike 0-2: Strikes out swinging
|
Bottom of the 8th over - 0 run(s), 0 hit(s), 0 error(s), 1 left on base; Pocatello 2 - Vista 5 |
TOP OF THE 9TH |
Pocatello Boccabellas batting - Pitching for Vista Panthers : LHP Andrew Caine
|
Pitching: RHP Doug Singleton
|
|
Batting: RHB Ernesto Acosta
|
0-0: Ball 1-0: Called Strike 1-1: Ball 2-1: Called Strike 2-2: Fly out, F4 (Line Drive, 4)
|
Batting: LHB Juan Cortés
|
0-0: Called Strike 0-1: Fly out, F8 (Flyball, 8LS)
|
Batting: RHB Manny Copriviza
|
0-0: Swinging Strike 0-1: Called Strike 0-2: Strikes out swinging
|
Top of the 9th over - 0 run(s), 0 hit(s), 0 error(s), 0 left on base; Pocatello 2 - Vista 5 |
|